 Dungeon Crawl Stone Soup version 0.27.1-2-g3b301248ec (webtiles) character file.

Game seed: 4732385449932395229

25 Kold the Insei (level 3, -4/23 HPs)
             Began as an Octopode Transmuter on Oct 1, 2021.
             Slain by a goblin (6 damage)
             ... led by Robin
             ... on level 1 of the Dungeon.
             The game lasted 00:01:17 (1453 turns).

Kold the Insei (Octopode Transmuter)                Turns: 1453, Time: 00:01:18

Health: -4/23      AC:  1    Str:  9    XL:     3   Next: 4%
Magic:  2/6        EV: 13    Int: 16    God:
Gold:   36         SH:  0    Dex: 12    Spells: 0/6 levels left

rFire    . . .     SeeInvis +     - Unarmed
rCold    . . .     Faith    .   (no shield)
rNeg     . . .     Spirit   .   (helmet currently unavailable)
rPois    .         Reflect  .   (no amulet)
rElec    .         Harm     .   a - ring of flight
rCorr    .         Rampage  .   f - ring of see invisible
Will     .....                  (no ring)
Stlth    ++........             (no ring)
HPRegen  0.07/turn              (no ring)
MPRegen  0.10/turn              (no ring)
                                (no ring)
                                (no ring)

@: appendages, wereblooded, flying
A: tentacle spike 3, almost no armour, amphibious, 8 rings, camouflage 1,
gelatinous body 1, (nimble swimmer 1), tentacles
a: End Transformation


You were on level 1 of the Dungeon.
One of your tentacles had grown a beastly spike.
You visited 1 branch of the dungeon, and saw 2 of its levels.

You collected 36 gold pieces.

Inventory:

Jewellery
 a - a ring of flight (left tentacle)
 f - a ring of see invisible (right tentacle)
Scrolls
 b - 4 scrolls of teleportation {unknown}
 e - a scroll of noise {unknown}
Potions
 c - a potion of cancellation {unknown}
 d - a potion of curing {unknown}


   Skills:
 - Level 1.0 Fighting
 - Level 2.0 Dodging
 + Level 3.5 Unarmed Combat
 - Level 2.0 Spellcasting
 + Level 2.8 Transmutations
 * Level 0.0 Poison Magic


You couldn't memorise any spells.
You knew the following spells:

 Your Spells              Type           Power      Damage    Failure   Level
a - Beastly Appendage     Tmut           20%        N/A       7%          1
b - Wereblood             Tmut           10%        N/A       10%         2
c - Spider Form           Tmut/Pois      3%         N/A       34%         3

Your spell library contained the following spells:

 Spells                   Type           Power      Damage    Failure   Level
 Sting                    Tmut/Pois      24%        1d4       12%         1
 Summon Small Mammal      Summ           4%         N/A       21%         1
 Poisonous Vapours        Pois/Air       2%         N/A       30%         2
 Call Canine Familiar     Summ           1%         N/A       52%         3
 Summon Guardian Golem    Hex/Summ       1%         N/A       52%         3
 Ice Form                 Ice/Tmut       6%         N/A       75%         4
 Olgreb's Toxic Radiance  Pois           1%         N/A       90%         4


Dungeon Overview and Level Annotations

Branches:
Dungeon (2/15)

Altars:

Annotations:
D:2 Robin


Innate Abilities, Weirdness & Mutations

One of your tentacles has grown a beastly spike.
You cannot wear most types of armour.
You are amphibious.
You can wear up to eight rings at the same time.
Your skin changes colour to match your surroundings (Stealth+).
Your rubbery body absorbs attacks. (AC +1, EV +1)
((You are camouflaged near water. (Stealth+)))
You have tentacles for arms and can constrict up to eight enemies at once.


Message History

The goblin is severely wounded.
You constrict the goblin, but do no damage.
The goblin closely misses you.
You tentacle-slap the goblin.
You kill the goblin!
Memorise Wereblood, consuming 2 spell levels and leaving 3?
You start memorising the spell.
You continue memorising.
Your transformation is almost over.
You continue memorising.
You finish memorising.
Spell assigned to 'b'.
This spell is extremely dangerous to cast!
Memorise Spider Form, consuming 3 spell levels and leaving 0?
You start memorising the spell.
You continue memorising. x3
You finish memorising.
Spell assigned to 'c'.
Casting: Beastly Appendage (safe; 7% risk of failure)
Confirm with . or Enter, or press ? or * to list all spells.
Your blood is infused with primal strength.
Casting: Wereblood (safe; 10% risk of failure)
Confirm with . or Enter, or press ? or * to list all spells.
You extend your transformation's duration.
You fly downwards.
Level annotation: Robin The goblin hits you with a +0 dagger.
The hobgoblin hits you.
Robin roars a battlecry!
The goblins go into a battle-frenzy!
There is a stone staircase leading up, spattered with blood here.
The goblin hits you with a +0 dagger. The hobgoblin hits you!
The goblin closely misses you.
You fly upwards.
There is a stone staircase leading down here.
You tentacle-slap the hobgoblin. You grab the hobgoblin.
You pierce the hobgoblin, but do no damage.
The hobgoblin is lightly wounded.
You constrict the hobgoblin, but do no damage.
The goblin hits you with a +0 dagger.
* * * LOW HITPOINT WARNING * * *
The hobgoblin hits you.
* * * LOW HITPOINT WARNING * * *
The goblin hits you with a +0 dagger.
You die...

### ### #..
###########.##### #.#
#...........#...# #.#
#.#########.#.#.# #.#
#.######..#.#.#.# #.#
#.#....#..#g#.#.##########.#
#.#.##.#..#@)...............
#.#.##.#..gg................
#.#.##.##.#.#.#.##.#.#.###.#
#.#.##......#.#.##.#.#.# #.#
#.#.#########.#.##.#.#.# #.#
#.#...........#.##.#.#.# #.#
##.#############.##.#.#.#
#.#
#................##.#.#.#
#.#
#..#................#.#.#
#..


You could see a hobgoblin (strong) and 2 goblins.

Vanquished Creatures
  3 dart slugs (D:1)
  2 ball pythons (D:1)
  3 goblins (D:1)
  A hobgoblin (D:1)
  A kobold (D:1)
  A quokka (D:1)
  A bat (D:1)
  2 frilled lizards (D:1)
  6 rats (D:1)
20 creatures vanquished.

Notes
Turn   | Place    | Note
-------+----------+-------------------------------------------
     0 | D:1      | Kold the Octopode Transmuter began the quest for the Orb.
     0 | D:1      | Reached XP level 1. HP: 13/13 MP: 3/3
     3 | D:1      | Noticed an electric eel
     4 | D:1      | Noticed an electric eel
   362 | D:1      | Reached XP level 2. HP: 18/18 MP: 3/5
  1432 | D:2      | Noticed Robin
  1437 | D:1      | Reached XP level 3. HP: 19/23 MP: 4/6
  1443 | D:1      | Learned a level 2 spell: Wereblood
  1447 | D:1      | Learned a level 3 spell: Spider Form
  1453 | D:1      | Slain by a goblin

Illustrated notes

Levels and vault maps discovered:
D:1:      arrival_aquarium_b, layout_basic, hangedman_abyss_or_decor_stabs,
          minmay_box_of_dots
D:2:      layout_loops_ring, basic_altar, uniq_robin

Action                   || total
-------------------------++-------
Melee: Unarmed           ||    43
       Constrict         ||    12
       Kick              ||     7
       Tentacles         ||     6
       Punch             ||     2
 Cast: Beastly Appendage ||     8
       Wereblood         ||     1
 Stab: Sleeping          ||     4
Armor: Skin              ||     2
Dodge: Dodged            ||    26
